 Dungeon Crawl Stone Soup version 0.27-a0-1532-gca18f49f40 (webtiles) character file.

Game seed: 12456402276484549718

48 Rohain the Insei (level 3, 0/28 HPs)
             Began as a Gnoll Transmuter on July 13, 2021.
             Slain by an adder (2 damage)
             ... on level 3 of the Dungeon.
             The game lasted 00:01:54 (2449 turns).

Rohain the Insei (Gnoll Transmuter)                 Turns: 2449, Time: 00:01:55

Health: 0/28       AC:  2    Str: 10    XL:     3   Next: 72%
Magic:  9/9        EV: 13    Int: 12    God:
Gold:   45         SH:  0    Dex: 12    Spells: 9/12 levels left

rFire    . . .     SeeInvis .   f - +0 hand axe
rCold    . . .     Faith    .   (no shield)
rNeg     . . .     Spirit   .   a - +0 robe
rPois    .         Reflect  .   (no helmet)
rElec    .         Harm     .   (no cloak)
rCorr    .         Rampage  .   (no gloves)
Will     .....                  (no boots)
Stlth    +.........             (no amulet)
HPRegen  0.09/turn              (no ring)
MPRegen  0.11/turn              (no ring)

@: brilliant, flying, very slightly contaminated, invisible
A: fangs 1, strong nose, distributed training
a: no special abilities


You were on level 3 of the Dungeon.
You visited 1 branch of the dungeon, and saw 3 of its levels.

You collected 45 gold pieces.

Inventory:

Hand Weapons
 f - a +0 hand axe (weapon)
Armour
 a - a +0 robe (worn)
Jewellery
 c - an amulet of guardian spirit
 l - a ring of positive energy
Scrolls
 d - a scroll of summoning {unknown}
 e - a scroll of blinking {unknown}
 h - a scroll of identify {unknown}
 j - a scroll of enchant armour {unknown}
 m - a scroll of teleportation {unknown}
Potions
 b - a potion of brilliance
 g - a potion of flight
 i - a potion of invisibility
 k - a potion of curing {unknown}
 n - a potion of berserk rage {unknown}


   Skills:
 + Level 2.6 Fighting
 + Level 0.9 Short Blades
 + Level 0.9 Long Blades
 + Level 0.9 Axes
 + Level 0.9 Maces & Flails
 + Level 0.9 Polearms
 + Level 0.9 Staves
 + Level 0.9 Slings
 + Level 0.9 Bows
 + Level 0.9 Crossbows
 + Level 0.9 Throwing
 + Level 0.9 Armour
 + Level 4.5 Dodging
 + Level 0.9 Stealth
 + Level 0.9 Shields
 + Level 6.5 Unarmed Combat
 + Level 5.0 Spellcasting
 + Level 0.6 Conjurations
 + Level 0.6 Hexes
 + Level 0.6 Summonings
 + Level 0.6 Necromancy
 + Level 0.6 Translocations
 + Level 3.8 Transmutations
 + Level 0.6 Fire Magic
 + Level 0.6 Ice Magic
 + Level 0.6 Air Magic
 + Level 0.6 Earth Magic
 + Level 0.6 Poison Magic
 + Level 1.0 Invocations
 + Level 0.9 Evocations


You had 9 spell levels left.
You knew the following spells:

 Your Spells              Type           Power      Damage    Failure   Level
a - Beastly Appendage     Tmut           36%        N/A       4%          1
b - Wereblood             Tmut           18%        N/A       6%          2

Your spell library contained the following spells:

 Spells                   Type           Power      Damage    Failure   Level
 Spider Form              Tmut/Pois      6%         N/A       24%         3
 Ice Form                 Ice/Tmut       12%        N/A       63%         4


Dungeon Overview and Level Annotations

Branches:
Dungeon (3/15)

Altars:

Shops:
D:3 [


Innate Abilities, Weirdness & Mutations

You have very sharp teeth.
Your uncanny sense of smell can sniff out nearby items.
Your experience applies equally to all skills.


Message History

You hit the orc but do no damage. You claw the orc.
You kill the orc!
The orc completely misses you. The orc barely misses you.
The orc closely misses you.
You closely miss the orc.
Your transformation is almost over.
The orc barely misses you.
You hit the orc. Your kick misses the orc.
The orc is heavily wounded.
The orc hits you but does no damage. The orc barely misses you.
You closely miss the orc.
The orc is heavily wounded.
The orc hits you with a +0 mace.
The orc hits you from afar with a +1 trident of distortion!
Space bends around you.
* * * LOW HITPOINT WARNING * * *
The orc barely misses you.
Your horns disappear.
Your talons disappear.
The adder closely misses you. The adder misses you.
The orc throws a boomerang.
The boomerang hits you but does no damage.
The adder bites you.
* * * LOW HITPOINT WARNING * * *
It was a potion of flight.
You feel very buoyant.
You fly up into the air.
The adder closely misses you. The adder bites you.
* * * LOW HITPOINT WARNING * * *
It was a potion of brilliance.
You feel clever all of a sudden. The orc closely misses you.
The adder barely misses you.
It was a potion of invisibility.
You fade into invisibility!
The adder misses you. The orc closely misses you.
You are very lightly contaminated with residual magic.
Okay, then.
The orc throws a boomerang.
The boomerang barely misses the orc.
The boomerang barely misses the adder.
The adder bites you.
You die...

#>....# #. #.....# #.
#.....# #. #.....#
#.########.###
#.#.....##.###
#.#.###......#####>.
#.#.###.##.#........
#.....#.##.#@#######
#######.#.#.#..S...#
.....รท..#.#.#oo#.#.#
.#####......#.o#.#.#
.#####.##........#.#
....##.######...##.####
.##.##.# #...##.##..
.......# #......##.#
###.#### #...#####.#


You could see an adder and 3 orcs.

Vanquished Creatures
  2 adders
  A worm (D:2)
  An orc (D:3)
  A bat (D:2)
  2 endoplasms
  A giant cockroach (D:2)
  2 goblins (D:1)
  A hobgoblin (D:2)
  5 jackals
  4 kobolds
  A quokka (D:3)
  2 frilled lizards
23 creatures vanquished.

Notes
Turn   | Place    | Note
-------+----------+-------------------------------------------
     0 | D:1      | Rohain the Gnoll Transmuter began the quest for the Orb.
     0 | D:1      | Reached XP level 1. HP: 17/17 MP: 6/6
   592 | D:1      | Reached XP level 2. HP: 23/23 MP: 7/7
   596 | D:1      | Learned a level 2 spell: Wereblood
   873 | D:1      | Found a faded altar of an unknown god.
  1433 | D:2      | Reached XP level 3. HP: 23/28 MP: 7/9
  1679 | D:2      | Reached skill level 5 in Spellcasting
  2053 | D:3      | Reached skill level 1 in Invocations
  2371 | D:3      | Found Hocliw's Armour Emporium.
  2449 | D:3      | Slain by an adder

Illustrated notes

Levels and vault maps discovered:
D:1:      sevenhm_arrival_forest_fort_small_5, layout_loops_corners,
          dreamdust_ecumenical_altar_hidden_monk_grotto
D:2:      layout_basic
D:3:      kennysheep_the_goblin_king, layout_loops_cross, serial_shops, shop,
          wad_floor_pattern_1, uniq_terence, uniq_grinder

Skill      XL: |  1  2  3 |
---------------+----------+-----
Spellcasting   | 5 |  5.0
Invocations    | 1 |  1.0
Fighting       | |  2.6
Short Blades   | |  0.9
Long Blades    | |  0.9
Axes           | |  0.9
Maces & Flails | |  0.9
Polearms       | |  0.9
Staves         | |  0.9
Slings         | |  0.9
Bows           | |  0.9
Crossbows      | |  0.9
Throwing       | |  0.9
Armour         | |  0.9
Dodging        | |  4.5
Stealth        | |  0.9
Shields        | |  0.9
Unarmed Combat | |  6.5
Conjurations   | |  0.6
Hexes          | |  0.6
Summonings     | |  0.6
Necromancy     | |  0.6
Translocations | |  0.6
Transmutations | |  3.8
Fire Magic     | |  0.6
Ice Magic      | |  0.6
Air Magic      | |  0.6
Earth Magic    | |  0.6
Poison Magic   | |  0.6
Evocations     | |  0.9

Action                   || total
-------------------------++-------
Melee: Unarmed           ||     9
       Headbutt          ||     5
       Hand axe          ||    65
       Kick              ||    14
       Bite              ||     2
       Punch             ||     1
 Cast: Beastly Appendage ||    14
  Use: Potion            ||     3
 Stab: Sleeping          ||     1
Armor: Robe              ||    17
Dodge: Dodged            ||    65

Table legend: (Time is in decaauts)
 A = Elapsed time spent in this place.
 B = Non-inter-level travel time spent in this place.
 C = Inter-level travel time spent in this place.
 D = Time resting spent in this place.
 E = Time spent auto-exploring this place.
 F = Levels seen in this place.
 G = Mean time per level.
                   A        B        C        D        E       F      G
               +--------+--------+--------+--------+--------+-----+--------+
         Total |   2467 |   2384 |     83 |    504 |   1627 |   3 |  822.3 |
       Dungeon |   2467 |   2384 |     83 |    504 |   1627 |   3 |  822.3 |
               +--------+--------+--------+--------+--------+-----+--------+

Top non-repeatable levels by time:
     D:2: 1019 daAuts
     D:1: 974 daAuts
     D:3: 472 daAuts
